 Dungeon Crawl Stone Soup version 0.27.1-3-gb3d3a73c9e (webtiles) character file.

Game seed: 17562510069585170728

22225 Kinoniko the Severer (level 12, -2/137 HPs)
             Began as an Ogre Berserker on Oct 6, 2021.
             Was a High Priest of Trog.
             Slain by a swamp worm (6 damage)
             ... on level 3 of the Lair of Beasts.
             The game lasted 00:14:09 (16581 turns).

Kinoniko the Severer (Ogre Berserker)              Turns: 16581, Time: 00:14:09

Health: -2/137     AC: 14    Str: 28    XL:     12   Next: 98%
Magic:  21/21      EV: 14    Int:  5    God:    Trog [*****.]
Gold:   879        SH:  0    Dex:  8    Spells: 11/11 levels left

rFire    . . .     SeeInvis .   n - +4 hand axe (flame)
rCold    . . .     Faith    .   (no shield)
rNeg     . . .     Spirit   .   F - +0 steam dragon scales
rPois    +         Reflect  .   p - +1 hat
rElec    +         Harm     .   G - +2 cloak
rCorr    .         Rampage  .   (gloves unavailable)
Will     +....                  (boots unavailable)
Stlth    +.........             (no amulet)
HPRegen  0.32/turn              P - ring "Tifudaob" {rElec rPois MP+9 EV+4 Int-3}
MPRegen  0.17/turn              D - +4 ring of protection

@: very slow
A: large, unfitting armour, tough skin 1
a: Renounce Religion, Berserk, Trog's Hand, Brothers in Arms


You were on level 3 of the Lair of Beasts.
You worshipped Trog.
Trog was extremely pleased with you.
You visited 2 branches of the dungeon, and saw 11 of its levels.
You also visited: Gauntlet.

You collected 879 gold pieces.

Inventory:

Hand Weapons
 a - a +0 hand axe
 i - a +0 war axe
 k - a +1 vorpal hand axe
 n - a +4 hand axe of flaming (weapon)
 L - a +3 antimagic dire flail
Missiles
 J - a throwing net (quivered)
 S - 11 javelins
Armour
 b - a +2 animal skin
 p - a +1 hat (worn)
 F - +0 steam dragon scales (worn)
 G - a +2 cloak (worn)
Jewellery
 o - a +6 ring of strength
 D - a +4 ring of protection (right hand)
 K - a ring of ice
 M - a ring of poison resistance
 N - an amulet of magic regeneration
 P - the ring "Tifudaob" (left hand) {rElec rPois MP+9 EV+4 Int-3}
   (You found it in a Gauntlet)

   [ring of evasion]

   EV:        It affects your evasion (+4).
   Int:       It affects your intelligence (-3).
   rElec:     It insulates you from electricity.
   rPois:     It protects you from poison.
   MP:        It affects your magic capacity (+9).
 R - the ring "Feqilau" {Ice rElec Int-5 Dex+2}
   (You took it off a minotaur in a Gauntlet)

   [ring of ice]

   It enhances your ice magic.
   Int:       It affects your intelligence (-5).
   Dex:       It affects your dexterity (+2).
   rF:        It makes you vulnerable to fire.
   rC:        It protects you from cold.
   rElec:     It insulates you from electricity.
 T - an amulet of faith
Wands
 q - a wand of flame (33)
 B - a wand of paralysis (6)
 C - a wand of iceblast (9)
 E - a wand of acid (13)
 X - a wand of charming (5)
Scrolls
 g - 5 scrolls of teleportation
 h - 3 scrolls of amnesia
 j - 3 scrolls of fog
 l - 3 scrolls of immolation
 m - 5 scrolls of noise
 t - 3 scrolls of enchant weapon
 u - a scroll of fear
 y - a scroll of magic mapping
 z - 2 scrolls of holy word
 H - 3 scrolls of vulnerability
 O - a scroll of blinking
 U - a scroll of acquirement {unknown}
 W - a scroll of identify
Potions
 c - 6 potions of brilliance
 d - 8 potions of curing
 e - 2 potions of berserk rage
 f - 2 potions of flight
 r - 2 potions of heal wounds
 s - 3 potions of attraction
 v - 2 potions of haste
 w - 2 potions of ambrosia
 x - 2 potions of might {unknown}
 A - 2 potions of cancellation {unknown}
 I - 2 potions of degeneration {unknown}
 Q - 2 potions of experience {unknown}
 Y - a potion of lignification {unknown}
Miscellaneous
 V - a condenser vane


   Skills:
 + Level 13.7 Fighting
 * Level 17.5 Axes
 - Level 2.6 Dodging


You had 11 spell levels left.
You didn't know any spells.
Your spell library contained the following spells:

 Spells                   Type           Power      Damage    Failure   Level
 Corpse Rot               Necr/Air       N/A        N/A       63%         2
 Dispel Undead            Necr           0%         3d6       99%         4
 Death Channel            Necr           0%         N/A       100%        6


Dungeon Overview and Level Annotations

Branches:
Dungeon (8/15)             Temple (0/1) D:7            Lair (3/6) D:8
 Shoals (0/4) Lair:3       Spider (0/4) Lair:3      Gauntlet (visited)

Altars:
Makhleb
Sif Muna
Vehumet
Zin
The Shining One

Annotations:
D:6 3 runed translucent doors, Descartes's ghost, novice TrTm


Innate Abilities, Weirdness & Mutations

You are too large for most types of armour.
You have tough skin. (AC +1)


Message History

The swamp worm bites you!
You hit the swamp worm. You burn the swamp worm.
The swamp worm is severely wounded.
You closely miss the swamp worm. The swamp worm bites you!
The swamp worm barely misses you.
You closely miss the swamp worm.
The swamp worm is severely wounded.
You barely miss the swamp worm. The swamp worm bites you!
* * * LOW HITPOINT WARNING * * *
You closely miss the swamp worm.
The swamp worm is severely wounded.
You slash the swamp worm! You burn the swamp worm. The swamp worm bites you!
* * * LOW HITPOINT WARNING * * *
The swamp worm closely misses you.
You slash the swamp worm! You burn the swamp worm.
You kill the swamp worm!
Trog accepts your kill.
You barely miss the swamp worm.
The swamp worm fires a harpoon shot at you.
The harpoon shot misses you.
You see here a swamp worm corpse.
The swamp worm misses you.
The swamp worm fires a harpoon shot at you.
The harpoon shot misses you.
The swamp worm fires a harpoon shot at you.
The harpoon shot misses you.
The swamp worm fires a harpoon shot at you.
The harpoon shot hits you!
* * * LOW HITPOINT WARNING * * *
You are yanked forward by the harpoon shot.
Splash!
The swamp worm fires a harpoon shot at you.
The harpoon shot hits you.
* * * LOW HITPOINT WARNING * * *
You are yanked forward by the harpoon shot.
Splash!
The swamp worm bites you.
* * * LOW HITPOINT WARNING * * *
The swamp worm bites you.
You die...

##..≈≈≈≈≈#≈# #.. # ######
#.)≈≈≈≈≈≈≈####### ##..
####.##.###..≈≈≈≈≈≈≈≈...#.####...
............≈≈##≈##≈≈.....∩......
...........≈≈≈#≈†≈#≈≈≈.....|.....
...........≈≈##≈≈≈##≈≈...........
...........≈≈#≈≈≈≈≈#≈≈...........
...........≈≈##≈w$##≈≈.<.........
...........†≈≈#≈@≈#≈≈≈.....).....
##.####..#††≈≈##≈##≈≈≈##..###.###
#### ####.†.≈≈###≈≈P###### ###
##..≈≈≈≈≈≈≈## #...≈≈≈≈≈≈≈#
##.....##### ##.P### ####


You could see a swamp worm.

Vanquished Creatures
  A quicksilver ooze (Gauntlet)
  A minotaur (Gauntlet)
  2 hydras
  A hell beast (Gauntlet)
  Pikel (D:4)
  A manticore (Lair:3)
  3 black mambas
  4 elephants (Lair:2)
  3 cane toads
  Maggie (D:7)
  A demonic crawler (Lair:3)
  2 ice devils (Lair:2)
  A komodo dragon (D:8)
  A queen bee (Gauntlet)
  A polar bear (Lair:3)
  13 blink frogs
  A wind drake (Lair:3)
  A shadow (D:7)
  A steam dragon (D:6)
  12 yaks
  3 basilisks
  2 swamp worms (Lair:3)
  Duvessa (D:7)
  An acid dragon (D:8)
  11 water moccasins
  3 hell hounds
  2 orc warriors
  3 sky beasts
  3 black bears
  A necrophage (D:5)
  2 ice beasts (D:7)
  4 centaurs
  An ogre (D:5)
  14 wolves
  A phantom (D:6)
  A lemure (D:4)
  13 bullfrogs
  A kobold brigand (D:8)
  A wyvern zombie (D:8)
  7 scorpions
  Dowan (D:7)
  A water moccasin skeleton (D:5)
  A wyvern skeleton (D:6)
  6 killer bees (Gauntlet)
  3 wights (D:8)
  A howler monkey (D:6)
  A crimson imp (D:7)
  2 bullfrog zombies
  3 centaur zombies (D:8)
  6 hounds
  A centaur skeleton (D:5)
  3 orc priests
  Crazy Yiuf (D:7)
  3 jellies (D:4)
  2 iguanas
  3 iron imps (D:3)
  A scorpion zombie (D:5)
  7 orc wizards
  2 howler monkey skeletons
  8 adders
  A shadow imp (D:5)
  A white imp (D:7)
  An ufetubus (D:6)
  An adder zombie (D:2)
  2 worms (D:2)
  A dart slug (D:3)
  26 orcs
  16 endoplasms
  4 giant cockroaches
  5 goblins
  7 hobgoblins
  6 jackals
  5 quokkas
  9 ball pythons
  A ball python zombie (D:2)
  9 bats
  3 frilled lizards
  A jackal skeleton (D:2)
  A jackal zombie (D:2)
  20 kobolds
  A quokka skeleton (D:2)
  7 rats
  A plant (D:8)
312 creatures vanquished.

Vanquished Creatures (others)
  22 fungi
  25 plants
  9 toadstools (D:4)
  A withered plant (D:2)
57 creatures vanquished.

Grand Total: 369 creatures vanquished

Notes
Turn   | Place    | Note
-------+----------+-------------------------------------------
     0 | D:1      | Kinoniko the Ogre Berserker began the quest for the Orb.
     0 | D:1      | Reached XP level 1. HP: 24/24 MP: 1/1
   170 | D:1      | Reached XP level 2. HP: 32/32 MP: 2/2
   775 | D:1      | Reached skill level 4 in Axes
   777 | D:1      | Reached XP level 3. HP: 39/39 MP: 3/3
   777 | D:1      | Reached ** piety under Trog
  1301 | D:2      | Reached XP level 4. HP: 46/48 MP: 4/4
  1377 | D:2      | Reached skill level 5 in Axes
  1602 | D:2      | Found a faded altar of an unknown god.
  2062 | D:3      | Noticed a bullfrog
  2066 | D:3      | Killed a bullfrog
  2067 | D:3      | Reached skill level 6 in Axes
  2067 | D:3      | Reached XP level 5. HP: 54/54 MP: 5/5
  2509 | D:3      | Found a shimmering blue altar of Sif Muna.
  2605 | D:3      | Found a burning altar of Makhleb.
  2630 | D:3      | Reached XP level 6. HP: 46/62 MP: 6/6
  2635 | D:3      | Reached *** piety under Trog
  2937 | D:4      | Noticed Pikel
  2950 | D:4      | Killed Pikel
  2951 | D:4      | Reached skill level 8 in Axes
  2951 | D:4      | Reached XP level 7. HP: 39/70 MP: 7/7
  3259 | D:4      | Reached skill level 9 in Axes
  3599 | D:4      | Reached XP level 8. HP: 78/78 MP: 8/8
  4264 | D:5      | Entered Level 5 of the Dungeon
  4348 | D:5      | Reached **** piety under Trog
  4464 | D:5      | Reached skill level 10 in Axes
  4996 | D:5      | Reached skill level 11 in Axes
  5625 | D:6      | Reached XP level 9. HP: 79/84 MP: 9/9
  5883 | D:6      | Found a runed translucent gate.
  5883 | D:6      | Found a runed translucent gate.
  5883 | D:6      | Found a runed translucent gate.
  5888 | D:6      | Noticed Descartes's ghost (novice TrTm)
  5986 | D:6      | Found a glowing golden altar of the Shining One.
  6561 | D:6      | Reached skill level 5 in Fighting
  6573 | D:6      | Reached skill level 12 in Axes
  7068 | D:7      | Noticed Duvessa
  7070 | D:7      | Noticed Dowan
  7079 | D:7      | Killed Dowan
  7083 | D:7      | Killed Duvessa
  7589 | D:7      | Found a glowing silver altar of Zin.
  7615 | D:7      | Reached skill level 13 in Axes
  7615 | D:7      | Reached XP level 10. HP: 87/102 MP: 10/10
  7787 | D:7      | Found a staircase to the Ecumenical Temple.
  7931 | D:7      | Noticed Maggie
  8204 | D:7      | Killed Maggie
  8685 | D:7      | Found a runed translucent door.
  8686 | D:7      | Noticed Crazy Yiuf
  8870 | D:7      | Killed Crazy Yiuf
  8970 | D:8      | Found a staircase to the Lair.
  9383 | D:8      | Reached ***** piety under Trog
  9625 | D:8      | Reached skill level 14 in Axes
 10329 | D:8      | Found a radiant altar of Vehumet.
 10763 | Lair:1   | Entered Level 1 of the Lair of Beasts
 10813 | Lair:1   | Noticed a seven-headed hydra
 10821 | Lair:1   | Killed a two-headed hydra
 10822 | Lair:1   | Reached XP level 11. HP: 117/117 MP: 11/11
 10990 | Lair:1   | Reached skill level 10 in Fighting
 11422 | Lair:1   | Reached skill level 15 in Axes
 12893 | Lair:2   | Received a gift from Trog
 13992 | Lair:2   | Reached skill level 16 in Axes
 14270 | Lair:2   | Reached XP level 12. HP: 132/132 MP: 12/12
 14511 | Lair:3   | Found a gate leading to a gauntlet.
 14534 | Gauntlet | Entered a Gauntlet
 14534 | Gauntlet | Found a transporter.
 14534 | Gauntlet | Found a transporter.
 14534 | Gauntlet | Found a runed translucent door.
 14667 | Gauntlet | Found a runed translucent door.
 14669 | Gauntlet | Found a transporter.
 14669 | Gauntlet | Found a transporter.
 14672 | Gauntlet | Found a transporter.
 14701 | Gauntlet | Noticed a hell beast
 14703 | Gauntlet | Found a transporter.
 14705 | Gauntlet | Found a transporter.
 14705 | Gauntlet | Found a transporter.
 14716 | Gauntlet | Noticed a quicksilver ooze
 14719 | Gauntlet | Found a transporter.
 14735 | Gauntlet | Found a transporter.
 14745 | Gauntlet | Found a transporter.
 14759 | Gauntlet | Found a transporter.
 14779 | Gauntlet | Found a transporter.
 14796 | Gauntlet | Found a transporter.
 14965 | Gauntlet | Killed a hell beast
 15021 | Gauntlet | Identified the ring "Tifudaob" {rElec rPois MP+9 EV+4
                  | Int-3}
 15029 | Gauntlet | Killed a quicksilver ooze
 15172 | Gauntlet | Identified the +3 dagger of Unaoc {freeze, rPois Str+4
                  | Int+2 Dex+4}
 15172 | Gauntlet | Identified the ring "Feqilau" {Ice rElec Int-5 Dex+2}
 15172 | Gauntlet | Noticed a minotaur
 15214 | Gauntlet | Killed a minotaur
 15226 | Gauntlet | Identified the +7 shortbow of Xenkos {freeze, Dex+3}
 15740 | Lair:3   | Found a staircase to the Shoals.
 15754 | Lair:3   | Reached skill level 17 in Axes
 15975 | Lair:3   | Found a hole to the Spider Nest.
 16237 | Lair:3   | Noticed a five-headed hydra
 16247 | Lair:3   | Killed a one-headed hydra
 16579 | Lair:3   | HP: 6/137 [swamp worm/harpoon shot (16)]
 16581 | Lair:3   | Slain by a swamp worm

Illustrated notes

Levels and vault maps discovered:
D:1:      eino_arrival_tree_alley, layout_basic
D:2:      layout_rooms, serial_undead, serial_undead_a, serial_undead_a,
          serial_undead_c, serial_undead_f,
          hellmonk_ecumenical_altar_leap_of_faith
D:3:      layout_basic, mainiacjoe_overflow_concentric_impassable, demons_altar,
          minmay_misc_feat_encased
D:4:      cheibrodos_fertilizer, layout_loops_cross, uniq_pikel
D:5:      layout_basic
D:6:      minmay_chambers_of_threes, layout_basic, nicolae_tso_carved_into_rock,
          gammafunk_ghost_necromancy
D:7:      layout_rooms, lemuel_crystal_altar,
          minmay_temple_entry_enclosed_plants, minmay_fire_ice_demons,
          uniq_crazy_yiuf_cottage, uniq_duvessa, uniq_maggie
D:8:      layout_layer_cave, amcnicky_altar_gilded, due_lair_maze_entry_diamond,
          minmay_quadrilaterals
Lair:1:   layout_cave_pods, grunt_megastairs_3
Lair:2:   layout_chaotic_city, enter_volcano_3, portal_ice_cave_demonic_guard
Lair:3:   layout_big_grid, minmay_shoals_entry_beasts,
          spider_nest_entry_web_field, gauntlet_entry_generic, worms_lemuel

Skill      XL: |  1  2  3  4  5  6  7  8  9 10 11 12 |
---------------+-------------------------------------+-----
Axes           | 4 6 8 9 11 13 14 16 17 | 17.5
Fighting       | 7 9 11 13 | 13.7
Dodging        | |  2.6

Action                   |  1- 3 |  4- 6 |  7- 9 | 10-12 || total
-------------------------+-------+-------+-------+-------++-------
Melee: Hand axe          |   102 |   140 |   270 |   503 ||  1015
Invok: Berserk           |     1 |     2 |    10 |    22 ||    35
  Use: Scroll            |       |    10 |     9 |     7 ||    26
       Potion            |       |       |       |     4 ||     4
 Stab: Held in net/web   |       |       |       |     1 ||     1
Armor: Animal skin       |    30 |    55 |    84 |     2 ||   171
       Steam dragon scal |       |       |       |   161 ||   161
Dodge: Dodged            |    58 |    68 |   103 |   200 ||   429
